 Dungeon Crawl Stone Soup version 0.26.1-11-gd32895ea62 (webtiles) character file.

Game seed: 6916777853443074566

2728 robloxmaster the Cleaver (level 9, -1/82 HPs)
             Began as a Hill Orc Fighter on May 21, 2021.
             Slain by a boulder beetle (5 damage)
             ... on level 6 of the Dungeon.
             The game lasted 00:12:05 (7911 turns).

robloxmaster the Cleaver (Hill Orc Fighter)         Turns: 7911, Time: 00:12:05

Health: -1/82      AC:  8    Str: 22    XL:     9   Next: 67%
Magic:  9/9        EV:  8    Int:  6    God:
Gold:   327        SH: 12    Dex: 10    Spells: 8/8 levels left

rFire    . . .     SeeInvis .   a - +1 war axe
rCold    . . .     Faith    .   c - +1 kite shield
rNeg     . . .     Spirit   .   b - +0 scale mail
rPois    .         Reflect  .   (no helmet)
rElec    .         Harm     .   (no cloak)
rCorr    .         Rampage  .   (no gloves)
Will     .....                  (no boots)
Stlth    ..........             (no amulet)
HPRegen  0.23/turn              (no ring)
MPRegen  0.11/turn              (no ring)

@: no status effects
A: dopey 1, wild magic 1
a: no special abilities


You were on level 6 of the Dungeon.
You visited 1 branch of the dungeon, and saw 7 of its levels.

You collected 327 gold pieces.

Inventory:

Hand Weapons
 a - a +1 war axe (weapon)
Armour
 b - a +0 scale mail (worn)
 c - a +1 kite shield (worn)
Jewellery
 i - an uncursed amulet of faith {unknown}
 l - an uncursed ring of resist corrosion {unknown}
 q - a +6 ring of strength {unknown}
 s - an uncursed amulet of faith {unknown}
 t - an uncursed ring of magical power {unknown}
 v - the ring "Idil" {rF++ MP+9 Dex+4}
   (You took it off an orc on level 7 of the Dungeon)

   [ring of magical power]

   It affects your dexterity (+4).
   It greatly protects you from fire.
   It affects your magic capacity (+9).
Wands
 f - a wand of iceblast (8)
 z - a wand of acid (9)
 A - a wand of digging (5)
Scrolls
 e - 11 scrolls of identify {unknown}
 g - 7 scrolls of magic mapping {unknown}
 h - 4 scrolls of amnesia {unknown}
 j - 2 scrolls of fog {unknown}
 k - 4 scrolls of teleportation
 m - a scroll of enchant weapon
 o - 3 scrolls of remove curse
 r - a scroll of fear {unknown}
 u - a scroll of enchant armour
 x - a scroll of noise {unknown}
Potions
 d - a potion of curing
 n - 3 potions of brilliance
 p - a potion of flight
 w - a potion of mutation


   Skills:
 + Level 8.6 Fighting
 + Level 8.9 Axes
 + Level 7.8 Armour
 + Level 7.8 Shields


You had 8 spell levels left.
You didn't know any spells.
Your spell library contained the following spells:

 Spells                   Type           Power        Failure   Level
 Corona                   Hex            0%           98%         1
 Foxfire                  Conj/Fire      0%           98%         1


Dungeon Overview and Level Annotations

Branches:
Dungeon (7/15)             Temple (0/1) D:4

Altars:
Cheibriados
Elyvilon
Fedhas
Hepliaklqana
Kikubaaqudgha
Okawaru
Sif Muna
Trog
Wu Jian

Shops:
D:6 [


Innate Abilities, Weirdness & Mutations

You are dopey. (Int -2)
Your spells are a little harder to cast, but a little more powerful.


Message History

* * * LOW HITPOINT WARNING * * *
You hit the boulder beetle.
The boulder beetle is lightly wounded.
The boulder beetle waves its antennae.
The boulder beetle bites you!
* * * LOW HITPOINT WARNING * * *
You hit the boulder beetle but do no damage.
The boulder beetle is lightly wounded.
You block the boulder beetle's attack.
You hit the boulder beetle but do no damage.
The boulder beetle is lightly wounded.
You block the boulder beetle's attack.
You barely miss the boulder beetle.
The boulder beetle is lightly wounded.
You block the boulder beetle's attack.
You hit the boulder beetle but do no damage.
The boulder beetle is lightly wounded.
The boulder beetle bites you but does no damage.
The boulder beetle bites you.
You die...

... #>....## ##.........##
...## ....(.# ##.#.......#
....## #.....## ##.........##
°°B..####......# #..#.......#
.......##......####.........##
.........#......##..........#
................##.#.......##
##......###....B.......<...#
#.....### #..[..@.........##
##(#### ####.##.###..#### ##
###### ####


You could see a boulder beetle.

Vanquished Creatures
  Pikel (D:5)
  A water moccasin (D:6)
  Duvessa (D:5)
  An orc warrior (D:7)
  2 phantoms
  3 ice beasts
  An ogre (D:6)
  3 centaurs
  A lemure (D:5)
  3 bullfrogs (D:7)
  3 scorpions
  Dowan (D:5)
  A centaur zombie (D:7)
  5 hounds
  A jelly (D:7)
  2 orc priests
  3 orc wizards
  A bullfrog skeleton (D:7)
  Terence (D:3)
  7 worker ants
  Robin (D:3)
  A gnoll (D:1)
  4 adders
  A white imp (D:7)
  2 ufetubi
  2 oozes
  2 worms
  The ghost of KrombopulosMichael the Sneak, a weakling KoDe (D:4)
  2 dart slugs
  3 leopard geckos
  20 orcs
  14 bats
  6 giant cockroaches
  14 goblins
  4 hobgoblins (D:3)
  9 jackals
  2 quokkas
  A frilled lizard (D:2)
  12 kobolds
  6 rats
149 creatures vanquished.

Notes
Turn   | Place    | Note
-------+----------+-------------------------------------------
     0 | D:1      | robloxmaster the Hill Orc Fighter began the quest for the
                  | Orb.
     0 | D:1      | Reached XP level 1. HP: 19/19 MP: 1/1
    99 | D:1      | Reached XP level 2. HP: 22/27 MP: 2/2
   369 | D:1      | Reached XP level 3. HP: 33/33 MP: 3/3
  1218 | D:2      | Found a blossoming altar of Fedhas.
  1321 | D:2      | Reached XP level 4. HP: 32/40 MP: 4/4
  1614 | D:3      | Noticed Robin
  1627 | D:3      | Killed Robin
  1651 | D:3      | Found an ancient bone altar of Kikubaaqudgha.
  1698 | D:3      | Found a snail-covered altar of Cheibriados.
  2016 | D:3      | Noticed Terence
  2028 | D:3      | Killed Terence
  2029 | D:3      | Reached XP level 5. HP: 35/44 MP: 5/5
  2406 | D:4      | Found a hazy altar of Hepliaklqana.
  2607 | D:4      | Found an iron altar of Okawaru.
  2629 | D:4      | Noticed a phantom
  2842 | D:3      | Reached skill level 5 in Fighting
  2842 | D:3      | Reached XP level 6. HP: 16/56 MP: 6/6
  2863 | D:3      | Killed a phantom
  2864 | D:3      | Reached skill level 5 in Axes
  3156 | D:4      | Reached skill level 5 in Armour
  3156 | D:4      | Reached skill level 5 in Shields
  3244 | D:4      | Reached XP level 7. HP: 43/61 MP: 7/7
  3509 | D:4      | Found a staircase to the Ecumenical Temple.
  3552 | D:4      | Found a white marble altar of Elyvilon.
  3593 | D:4      | Found a runed translucent door.
  3594 | D:4      | Noticed KrombopulosMichael's ghost (weakling KoDe)
  3687 | D:4      | Found an ornate altar of the Wu Jian Council.
  3735 | D:4      | Killed KrombopulosMichael's ghost
  3774 | D:5      | Entered Level 5 of the Dungeon
  3812 | D:5      | Noticed Dowan
  3813 | D:5      | Found a shimmering blue altar of Sif Muna.
  3838 | D:5      | Killed Dowan
  3910 | D:5      | Identified Sif Muna's Compendium of the Enchanting Arsonist
  3916 | D:5      | Found a bloodstained altar of Trog.
  3916 | D:5      | Noticed Duvessa
  3933 | D:5      | Killed Duvessa
  4771 | D:5      | Noticed Pikel
  4791 | D:5      | Killed Pikel
  4792 | D:5      | Reached XP level 8. HP: 57/71 MP: 8/8
  5414 | D:6      | Found Noliefeps's Antique Armour Shoppe.
  5422 | D:6      | Noticed a boulder beetle
  5440 | D:6      | Gained mutation: You are dopey. (Int -2) [potion of
                  | mutation]
  5440 | D:6      | Gained mutation: Your spells are a little harder to cast,
                  | but a little more powerful. [potion of mutation]
  5558 | D:6      | Reached XP level 9. HP: 63/79 MP: 9/9
  5817 | D:6      | Noticed a two-headed ogre
  6540 | D:7      | Identified the ring "Idil" {rF++ MP+9 Dex+4}
  7907 | D:6      | HP: 3/82 [boulder beetle (9)]
  7911 | D:6      | Slain by a boulder beetle

Illustrated notes

Levels and vault maps discovered:
D:1:      minmay_arrival_three_doors, layout_basic, minmay_misc_feat_five,
          minmay_misc_feat_chi, amethyst_killhole
D:2:      layout_basic, general_overflow_altar
D:3:      layout_loops_ring, grunt_temple_overflow_open,
          kennysheep_generic_room_14, uniq_terence, uniq_robin
D:4:      layout_cave_pools, elyvilon_altar_1, nzn_wu_jian_council_hall,
          kennysheep_little_box, lemuel_round_altar,
          minmay_temple_entry_poolview, ebering_ghost_inner_flame
D:5:      layout_loops_ring, nzn_overflow_gifts_of_might_and_magic, uniq_pikel
D:6:      layout_cave_pods, old_standard_altar, serial_shops, kennysheep_mini,
          minmay_microvault, uniq_eustachio, uniq_crazy_yiuf_cottage
D:7:      layout_cave_pods, serial_rivers, chequers_serial_rivers_micro_d,
          chequers_serial_rivers_micro_e, chequers_serial_rivers_micro_b,
          chequers_serial_rivers_large_b, minmay_circle_x

Skill      XL: |  1  2  3  4  5  6  7  8  9 |
---------------+----------------------------+-----
Axes           | 3 4 5 6 7 8 |  8.9
Fighting       | 4 5 6 7 8 |  8.6
Armour         | 4 5 6 7 |  7.8
Shields        | 4 5 6 7 |  7.8

Action                   |  1- 3 |  4- 6 |  7- 9 || total
-------------------------+-------+-------+-------++-------
Melee: War axe           |    97 |   130 |   341 ||   568
Throw: Throwing net      |       |       |     1 ||     1
  Use: Potion            |       |     2 |    14 ||    16
       Scroll            |       |       |     4 ||     4
Armor: Scale mail        |    46 |    52 |   100 ||   198
       Skin              |       |     8 |    40 ||    48
Dodge: Dodged            |    41 |    40 |    95 ||   176
Block: Kite shield       |    52 |    63 |   201 ||   316
